 Dungeon Crawl Stone Soup version 0.14-a0-2162-g062a2ce (webtiles) character file.

117 Kae the Firebug (level 3, -7/19 HPs)
             Began as a Tengu Fire Elementalist on Jan 28, 2014.
             Mangled by a worker ant (8 damage)
             ... on Level 3 of the Dungeon.
             The game lasted 00:05:43 (1626 turns).

Kae the Firebug (Tengu Fire Elementalist)           Turns: 1626, Time: 00:05:43

HP  -7/19        AC  3     Str  8      XL: 3   Next: 77%
MP   0/7         EV 12     Int 14 (16) God:
Gold 68          SH  0     Dex 14      Spells:  3 memorised,  0 levels left

rFire  . . .     SeeInvis .     (no weapon)
rCold  . . .     Clarity  .     a - +0 robe
rNeg   . . .     Conserve .     (no shield)
rPois  .         rCorr    .     (helmet restricted)
rElec  .         rRot     .     g - +0 cloak (curse)
SustAb . .       Spirit   .     (no gloves)
rMut   .         Warding  .     (boots unavailable)
Saprov . . .     Stasis   .     (no amulet)
MR     .....                    (no ring)
                                (no ring)

@: very slightly contaminated, not resistant to hostile enchantments, fairly
stealthy
A: beak, talons 3
a: no special abilities


You were on level 3 of the Dungeon.
You were not hungry.

You visited 1 branch of the dungeon, and saw 3 of its levels.

You collected 68 gold pieces.

Inventory:

Armour
 a - a +0 robe (worn)
 g - a cursed +0 cloak (worn)
Comestibles
 c - 4 bread rations
 f - a meat ration
 o - a choko
 s - a chunk of orc flesh
Scrolls
 d - a scroll of enchant weapon I {unknown}
 e - 5 scrolls of teleportation {unknown}
 h - a scroll of random uselessness {unknown}
 i - a scroll of identify {unknown}
 j - 3 scrolls of enchant armour {unknown}
 k - 3 scrolls of remove curse {unknown}
 m - a scroll of curse weapon {unknown}
 q - a scroll of curse jewellery {unknown}
 r - a scroll of fog {unknown}
Jewellery
 n - an uncursed ring of protection from cold {unknown}
Books
 b - a book of Flames

   Spells                             Type                      Level
   *Flame Tongue                      Conjuration/Fire             1
   *Throw Flame                       Conjuration/Fire             2
   *Conjure Flame                     Conjuration/Fire             3
   Inner Flame                        Hexes/Fire                   3
   Sticky Flame                       Conjuration/Fire             4
   Fireball                           Conjuration/Fire             5


   Skills:
 - Level 2.1 Dodging
 - Level 2.0 Stealth
 + Level 2.3 Spellcasting
 * Level 3.3 Conjurations
 * Level 3.9 Fire Magic


You couldn't memorise any spells.
You knew the following spells:

 Your Spells              Type           Power        Failure   Level  Hunger
a - Flame Tongue          Conj/Fire      ##...        6%          1    #......
b - Throw Flame           Conj/Fire      ##....       10%         2    ###....
c - Conjure Flame         Conj/Fire      ##......     17%         3    ####...


Dungeon Overview and Level Annotations

Branches:
Dungeon (3/16)

Altars:


Innate Abilities, Weirdness & Mutations

You have a beak for a mouth.
You have claws for feet.


Message History

Confirm with . or Enter, or press ? or * to list all spells.
Aiming: Flame Tongue
Press: ? - help, Shift-Dir - straight line, f/p - worker ant
Aim: a worker ant (heavily wounded)
The flame misses the worker ant.
The worker ant bites you.
You closely miss the worker ant.
You peck the worker ant, but do no damage.
The worker ant is heavily wounded.
The worker ant closely misses you. The worker ant bites you.
* * * LOW HITPOINT WARNING * * *
Drink which item? (? for menu, Esc to quit)
There was something very wrong with that liquid!
You feel dopey.
It was a potion of degeneration.
The worker ant closely misses you.
You hit the worker ant but do no damage.
Your kick misses the worker ant.
The worker ant is heavily wounded.
The worker ant bites you but does no damage.
The worker ant bites you!
You die...

#..#########.#
# #.# #[# #)#
#)# #.# #.#
#.# #@# #
#a######..#
#....)....#
#..####...#
#..# ..# ....#
.# .....# #
###...# #...#


You could see a worker ant.

Vanquished Creatures
  2 adders
  6 orcs (D:3)
  2 giant cockroaches
  4 hobgoblins
  3 giant newts
  2 goblins
  5 kobolds
  A rat (D:1)
25 creatures vanquished.

Notes
Turn   | Place    | Note
--------------------------------------------------------------
     0 | D:1      | Kae, the Tengu Fire Elementalist, began the quest for the Orb.
     0 | D:1      | Reached XP level 1. HP: 10/10 MP: 3/3
   526 | D:1      | Reached XP level 2. HP: 15/15 MP: 0/5
   563 | D:1      | Learned a level 2 spell: Throw Flame
  1184 | D:2      | Reached XP level 3. HP: 17/19 MP: 7/7
  1189 | D:2      | Learned a level 3 spell: Conjure Flame
  1626 | D:3      | Mangled by a worker ant

Action                   || total
-------------------------++-------
Melee: Unarmed           ||    27
 Cast: Flame Tongue      ||    35
       Throw Flame       ||     1
  Use: Potion            ||     2
 Stab: Sleeping          ||     1
